 Dungeon Crawl Stone Soup version 0.31-a0-675-g238779eb0a (webtiles) character file.

Game seed: 18212599066145747200

157 Shayle the Changeling (level 5, -1/48 HPs)
             Began as an Ogre Shapeshifter on Sept 5, 2023.
             Slain by a cerulean imp
             ... wielding a +2 spear
             ... summoned by Natasha
              (6 damage)
             ... on level 3 of the Dungeon.
             The game lasted 00:05:58 (3218 turns).

Shayle the Changeling (Ogre Shapeshifter)           Turns: 3218, Time: 00:05:58

Health: -1/48      AC:  3    Str: 18    XL:     5   Next: 38%
Magic:  8/8        EV: 10    Int: 13    God:
Gold:   176        SH:  0    Dex:  8    Spells: 8/8 levels left

rFire   . .          .
                       - Unarmed
rCold   . . .        (no shield)
rNeg    + . .        a - +0 animal skin
rPois   .            (helmet currently unavailable)
rElec   .            (cloak currently unavailable)
rCorr   .            (gloves unavailable)
SInv    .            (boots unavailable)
Will    .....        (no amulet)
Stlth   +            g - ring of positive energy
HPRegen 0.28/turn    (no ring)
MPRegen 0.11/turn

%: no passive effects
@: beast-form
A: beast (slay +2), large, unfitting armour, tough skin 1
a: Begin Untransformation


You were on level 3 of the Dungeon.
You were a hulking beast.
You visited 1 branch of the dungeon, and saw 3 of its levels.

You collected 176 gold pieces.

Inventory:

Armour
 a - a +0 animal skin (worn)
Jewellery
 g - a ring of positive energy (left hand)
Talismans
 c - a beast talisman (active)
 d - a flux talisman
Wands
 b - a wand of acid (8)
Scrolls
 e - 2 scrolls of identify {unknown}
 l - a scroll of poison {unknown}
 m - a scroll of amnesia {unknown}
 o - a scroll of torment {unknown}
Potions
 f - a potion of haste {unknown}
 h - 2 potions of brilliance {unknown}
 i - a potion of invisibility {unknown}
 j - 3 potions of mutation {unknown}
 k - a potion of curing {unknown}
 n - a potion of might {unknown}


   Skills:
 - Level 1.4 Fighting
 + Level 2.8 Dodging
 + Level 3.5 Unarmed Combat
 + Level 2.4 Spellcasting
 + Level 3.7 Shapeshifting


You had 8 spell levels left.
You didn't know any spells.
Your spell library contained the following spells:

 Spells                   Type           Power      Damage    Failure   Level
 Sublimation of Blood     Necr           1%         N/A       36%         2
 Wereblood                Tmut           1%         N/A       36%         2
 Summon Hydra             Summ           0%         N/A       100%        7


Dungeon Overview and Level Annotations

Branches:
Dungeon (3/15)

Altars:
Xom

Annotations:
D:3 Natasha


Innate Abilities, Weirdness & Mutations

You are a hulking beast.
Your limbs bulge with bestial killing power. (Slay +2)
You are too large for most types of armour.
You have tough skin. (AC +1)


Message History

You closely miss Natasha.
The cerulean imp hits you from afar with a +2 spear.
Natasha misses you.
You hit Natasha.
Natasha is moderately wounded.
The cerulean imp hits you but does no damage.
You miss Natasha.
Natasha is moderately wounded.
Natasha claws you but does no damage.
You barely miss Natasha.
Natasha is moderately wounded.
The cerulean imp hits you but does no damage.
Natasha barely misses you.
You hit Natasha but do no damage.
Natasha is moderately wounded.
The cerulean imp hits you but does no damage.
Natasha claws you but does no damage.
You hit Natasha.
Natasha is moderately wounded.
The cerulean imp hits you from afar with a +2 spear.
Natasha claws you.
* * * LOW HITPOINT WARNING * * *
You hit Natasha.
Natasha is severely wounded.
The cerulean imp hits you from afar with a +2 spear.
* * * LOW HITPOINT WARNING * * *
Natasha misses you.
You barely miss Natasha.
Natasha is severely wounded.
The cerulean imp hits you from afar with a +2 spear.
* * * LOW HITPOINT WARNING * * *
Natasha claws you.
* * * LOW HITPOINT WARNING * * *
Okay, then.
Aiming: Corrosive Bolt
Press: ? - help, Shift-Dir - straight line, f - Natasha
Aim: Natasha (severely wounded, 64% to hit)
The bolt of acid misses Natasha.
The cerulean imp hits you from afar with a +2 spear.
You die...

#####...[.##.....#######
#.........#####'#######
#......###............#
#......# #............# ..
#......# #............#
...######## #............#
... #........)...# ...
########............#
...###..........h........#
.....#.######....h.......#
....S.....# #...5........#
..^.g#.##.# #............#
....<#.# # #............#
.#.#......# #............#
.....#.#### ##############
##.###.# .. #.#


You could see Natasha and a cerulean imp (summoned).

Vanquished Creatures
  Natasha (twice) (D:3)
  Robin (D:1)
  3 adders
  3 worms
  2 dart slugs
  4 bats
  2 endoplasms
  5 giant cockroaches
  12 goblins
  11 hobgoblins
  A quokka (D:1)
  4 ball pythons
  A frilled lizard (D:2)
  2 kobolds
  2 rats
55 creatures vanquished.

Notes
Turn   | Place    | Note
-------+----------+-------------------------------------------
     0 | D:1      | Shayle the Ogre Shapeshifter began the quest for the Orb.
     0 | D:1      | Reached XP level 1. HP: 19/19 MP: 1/1
    89 | D:1      | Reached XP level 2. HP: 27/27 MP: 2/2
   424 | D:1      | Reached skill level 1 in Spellcasting
   676 | D:1      | Reached XP level 3. HP: 33/33 MP: 4/4
  1508 | D:2      | Noticed Robin
  1528 | D:3      | Reached XP level 4. HP: 21/41 MP: 6/6
  1810 | D:3      | Noticed Natasha
  1818 | D:3      | Killed Natasha
  1827 | D:3      | Noticed Natasha
  1841 | D:3      | Killed Natasha
  1842 | D:3      | Reached XP level 5. HP: 11/48 MP: 8/8
  2371 | D:3      | Found a shimmering altar of Xom.
  2889 | D:1      | Killed Robin
  3201 | D:3      | Noticed Natasha
  3218 | D:3      | Slain by a cerulean imp

Illustrated notes

Levels and vault maps discovered:
D:1:      ncdulo_watergridlock, layout_basic
D:2:      layout_loops_corners, dk_vineyard_3, uniq_robin
D:3:      layout_basic, lemuel_doored_altar, uniq_natasha

Skill      XL: |  1  2  3  4 |
---------------+-------------+-----
Dodging        | 2 |  2.8
Spellcasting   | 1 2 |  2.4
Unarmed Combat | 3 |  3.5
Fighting       | |  1.4
Shapeshifting  | |  3.7

Action                     |  1- 3 |  4- 6 || total
---------------------------+-------+-------++-------
  Melee: Unarmed           |   121 |    86 ||   207
         Punch             |     4 |     1 ||     5
  Evoke: Wand              |       |     1 ||     1
    Use: Potion            |     1 |       ||     1
 Armour: Animal skin       |    74 |    76 ||   150
         Skin              |     4 |       ||     4
  Dodge: Dodged            |    58 |    45 ||   103

Table legend: (Time is in decaauts)
 A = Elapsed time spent in this place.
 B = Non-inter-level travel time spent in this place.
 C = Inter-level travel time spent in this place.
 D = Time resting spent in this place.
 E = Time spent auto-exploring this place.
 F = Levels seen in this place.
 G = Mean time per level.
                   A        B        C        D        E       F      G
               +--------+--------+--------+--------+--------+-----+--------+
         Total |   3206 |   3155 |     51 |    392 |   2154 |   3 | 1068.7 |
       Dungeon |   3206 |   3155 |     51 |    392 |   2154 |   3 | 1068.7 |
               +--------+--------+--------+--------+--------+-----+--------+

Top non-repeatable levels by time:
     D:2: 1150 daAuts
     D:1: 1063 daAuts
     D:3: 993 daAuts
